 Dungeon Crawl Stone Soup version 0.27.1-35-g4d5d836560 (webtiles) character file.

Game seed: 9609203116410050495

6463 AarnesTheHuman the Cleaver (level 10, -5/139 HPs)
             Began as a Minotaur Berserker on Aug 16, 2022.
             Was an Elder of Trog.
             Slain by Erolcha (19 damage)
             ... on level 8 of the Dungeon.
             The game lasted 01:11:59 (15703 turns).

AarnesTheHuman the Cleaver (Minotaur Berserker)    Turns: 15703, Time: 01:12:00

Health: -5/139     AC:  3    Str: 25    XL:     10   Next: 68%
Magic:  9/9        EV: 16    Int: 10    God:    Trog [****..]
Gold:   401        SH:  4    Dex: 10    Spells: 9/9 levels left

rFire    . . .     SeeInvis .   a - +1 hand axe (venom)
rCold    . . .     Faith    .   q - +0 buckler
rNeg     . . .     Spirit   .   d - +0 leather armour {rPois}
rPois    +         Reflect  .   (helmet restricted)
rElec    .         Harm     .   (no cloak)
rCorr    .         Rampage  .   (no gloves)
Will     ++...                  (no boots)
Stlth    ..........             (no amulet)
HPRegen  1.33/turn              g - +6 ring of intelligence
MPRegen  0.11/turn              u - +4 ring of evasion

@: berserking, strong-willed, regenerating, very quick
A: horns 2, retaliatory headbutt
a: Renounce Religion, Berserk, Trog's Hand, Brothers in Arms


You were on level 8 of the Dungeon.
You worshipped Trog.
Trog was greatly pleased with you.
You visited 2 branches of the dungeon, and saw 10 of its levels.

You collected 401 gold pieces.

Inventory:

Hand Weapons
 a - a +1 hand axe of venom (weapon)
 b - a +0 hunting sling
 e - a +0 dagger of holy wrath
 t - the +4 falchion of Disorder {holy, Fly rElec Will- Stlth+}
   (You found it on level 4 of the Dungeon)

   It has been blessed by the Shining One to cause great damage to the undead
   and demons.
   rElec:     It insulates you from electricity.
   Fly:       It grants you flight.
   Will:      It decreases your willpower.
   Stlth:     It makes you more stealthy.
 A - a +1 hand axe of draining
 B - a +2 whip of holy wrath
Missiles
 c - 186 stones
 j - 82 sling bullets
 m - 46 poisoned darts (quivered)
 y - 2 throwing nets
Armour
 d - a +0 leather armour of poison resistance (worn)
 q - a +0 buckler (worn)
 x - a +2 robe of cold resistance
 z - +0 acid dragon scales
Jewellery
 g - a +6 ring of intelligence (left hand)
 u - a +4 ring of evasion (right hand)
Wands
 s - a wand of flame (21)
 v - a wand of mindburst (18)
Scrolls
 h - 2 scrolls of fear
 i - a scroll of identify
 l - 2 scrolls of teleportation
Potions
 f - a potion of haste
 k - 2 potions of might
 n - a potion of lignification
 o - 2 potions of mutation
 p - a potion of invisibility
 r - 2 potions of flight
 w - 2 potions of heal wounds


   Skills:
 - Level 10.0 Fighting
 + Level 13.6 Axes
 - Level 7.0 Throwing
 - Level 5.0 Armour
 - Level 2.7 Dodging
 - Level 3.0 Shields


You had 9 spell levels left.
You didn't know any spells.
Your spell library was empty.

Dungeon Overview and Level Annotations

Branches:
Dungeon (9/15)             Temple (1/1) D:4
   Lair: D:8-11         Orc: D:9-12

Altars:
Ashenzari
Cheibriados
Elyvilon
Fedhas
Gozag
Hepliaklqana
Kikubaaqudgha
Makhleb
Nemelex Xobeh
Okawaru
Qazlal
Ru
Sif Muna
Trog
Uskayaw
Vehumet
Wu Jian
Xom
Zin
The Shining One

Shops:
D:5 !

Annotations:
D:4 1 runed translucent door, exclusion: door, Crazy Yiuf
D:7 exclusion: downstairs
D:8 Erolcha


Innate Abilities, Weirdness & Mutations

You have a pair of horns on your head.
You reflexively headbutt those who attack you in melee.


Message History

Your skin crawls.
You feel strong-willed.
The centaur shouts!
You hear a bellow!
The centaur wields a +0 shortbow.
The centaur shoots an arrow.
The arrow closely misses you.
Press: ? - help, v - describe, . - travel
Here: Erolcha, wielding a +0 giant spiked club and wearing a +0 robe The floor.
Unknown command.
The centaur shoots an arrow.
The arrow hits you!
Erolcha casts a spell.
Erolcha flickers and vanishes!
Deactivating autopickup; reactivate with Ctrl-A.
The centaur shoots an arrow.
The arrow misses you.
You hear a bellow!
You hear a shout!
You climb upwards.
Reactivating autopickup.
There is a stone staircase leading down here.
Something hits you!!
Deactivating autopickup; reactivate with Ctrl-A.
Something hits you.
You hear some strange, mumbled words.
Something tries to affect you, but you resist.
A red film seems to cover your vision as you go berserk!
You feel yourself moving faster!
You feel mighty!
You closely miss something. You barely miss something.
You barely miss something. Something hits you!!
You barely miss something. You headbutt something. You slash something!
You headbutt something. Something hits you!!
You closely miss something. You closely miss something. You headbutt something!
Something barely misses you.
You barely miss something. Your headbutt misses something. You slash something!
Something hits you!!
* * * LOW HITPOINT WARNING * * *
You are too berserk!
You barely miss something. You closely miss something. Something hits you!!
You die...

###### #....###########
#.##............ #.##...)########
################.#...)[[.......
###.............@{..>...)########
..############.###.#.#...........
...## #.# #.#.#..######### [...#
#####'###.#......#......
_...######.........###....#.#####
....#....#.........# #.#......<#
...##....#.........###.#.##.####
..##.....#.........)........#
###......#........###############


There were no monsters in sight!

Vanquished Creatures
  A two-headed ogre (D:8)
  Joseph (D:8)
  Psyche (D:8)
  Prince Ribbit (D:5)
  A vampire (D:7)
  10 yaks
  Eustachio (D:4)
  Menkaure (D:4)
  An acid dragon (D:5)
  4 water moccasins
  An ice beast (D:7)
  2 orc warriors
  2 ogres
  2 sky beasts
  A black bear (D:7)
  A necrophage (D:8)
  4 centaurs
  2 bullfrogs (D:8)
  5 scorpions
  Blork the orc (D:4)
  2 kobold brigands
  A wyvern zombie (D:5)
  6 killer bees (D:7)
  A jelly (D:3)
  A hound (D:5)
  A gnoll shaman (D:6)
  2 orc priests (D:8)
  3 bullfrog skeletons (D:5)
  3 iguanas
  4 orc wizards
  A killer bee zombie (D:7)
  A howler monkey zombie (D:7)
  6 gnolls
  A howler monkey skeleton (D:7)
  6 adders
  4 white imps
  2 ufetubi
  5 worms
  4 dart slugs
  19 orcs
  5 bats
  7 endoplasms
  3 giant cockroaches
  10 goblins
  4 hobgoblins
  6 jackals
  14 kobolds
  5 quokkas
  5 ball pythons
  3 frilled lizards
  7 rats
185 creatures vanquished.

Vanquished Creatures (others)
  3 fungi (D:2)
  2 plants (D:2)
5 creatures vanquished.

Grand Total: 190 creatures vanquished

Notes
Turn   | Place    | Note
-------+----------+-------------------------------------------
     0 | D:1      | AarnesTheHuman the Minotaur Berserker began the quest for
                  | the Orb.
     0 | D:1      | Reached XP level 1. HP: 19/19 MP: 0/0
   181 | D:1      | Reached XP level 2. HP: 26/27 MP: 1/1
   485 | D:1      | Reached skill level 4 in Axes
   935 | D:2      | Found a sparkling altar of Nemelex Xobeh.
  1055 | D:2      | Reached XP level 3. HP: 33/33 MP: 2/2
  1452 | D:2      | Reached ** piety under Trog
  1655 | D:2      | Found a faded altar of an unknown god.
  1942 | D:3      | Reached skill level 1 in Throwing
  1942 | D:3      | Reached XP level 4. HP: 37/41 MP: 3/3
  2499 | D:3      | Reached XP level 5. HP: 47/47 MP: 4/4
  2718 | D:3      | You fall into a shaft and drop 1 floor!
  2887 | D:4      | Identified the +4 falchion of Disorder {holy, Fly rElec
                  | Will- Stlth+}
  2953 | D:4      | Noticed Eustachio
  3117 | D:4      | Killed Eustachio
  3118 | D:4      | Reached skill level 5 in Fighting
  3118 | D:4      | Reached skill level 5 in Axes
  3118 | D:4      | Reached skill level 1 in Shields
  3118 | D:4      | Reached XP level 6. HP: 28/56 MP: 5/5
  3274 | D:4      | Found a staircase to the Ecumenical Temple.
  3313 | D:4      | You fall into a shaft and drop 3 floors!
  3313 | D:7      | Noticed an ice beast
  3641 | D:7      | Noticed a water moccasin
  3648 | D:7      | Killed a water moccasin
  3649 | D:7      | Reached XP level 7. HP: 38/61 MP: 6/6
  3773 | D:7      | Reached skill level 5 in Armour
  3851 | D:7      | Reached skill level 6 in Axes
  4374 | D:6      | Reached *** piety under Trog
  4423 | D:5      | Entered Level 5 of the Dungeon
  4694 | D:5      | Reached XP level 8. HP: 54/71 MP: 7/7
  4701 | D:5      | Reached skill level 7 in Axes
  4997 | D:5      | Noticed Prince Ribbit
  5012 | D:5      | Killed Prince Ribbit
  5249 | D:4      | Reached skill level 5 in Throwing
  5769 | D:4      | Noticed Menkaure
  5772 | D:4      | Killed Menkaure
  5773 | D:4      | Reached skill level 8 in Axes
  5891 | D:4      | Found a runed translucent door.
  5892 | D:4      | Noticed Crazy Yiuf
  5921 | D:4      | Noticed Blork the orc
  5933 | D:4      | Killed Blork the orc
  6234 | D:5      | Reached XP level 9. HP: 72/82 MP: 8/8
  6362 | Temple   | Entered the Ecumenical Temple
  6827 | D:5      | Found Ucsiria's Distillery.
  8215 | D:6      | Found a hide-covered altar of Uskayaw.
  8226 | D:6      | Found a snail-covered altar of Cheibriados.
  8261 | D:6      | Identified the +1 ring mail of the Villain {Dex+2}
  8263 | D:6      | Reached skill level 9 in Axes
  9064 | D:7      | Reached **** piety under Trog
 10503 | D:7      | Found a glowing golden altar of the Shining One.
 10503 | D:7      | Found an ancient bone altar of Kikubaaqudgha.
 11095 | D:7      | Found a glowing golden altar of the Shining One.
 11095 | D:7      | Found an ancient bone altar of Kikubaaqudgha.
 11801 | D:8      | Reached skill level 10 in Fighting
 11801 | D:8      | Reached skill level 10 in Axes
 11907 | D:7      | Reached XP level 10. HP: 71/93 MP: 9/9
 12005 | D:7      | Reached skill level 11 in Axes
 12977 | D:8      | Noticed a two-headed ogre
 13019 | D:8      | Killed a two-headed ogre
 13020 | D:8      | Reached skill level 12 in Axes
 13396 | D:8      | Noticed Joseph
 14842 | D:8      | Killed Joseph
 14843 | D:8      | Reached skill level 13 in Axes
 15023 | D:8      | Noticed Psyche
 15034 | D:8      | Killed Psyche
 15107 | D:8      | Found a hazy altar of Hepliaklqana.
 15684 | D:9      | Noticed Erolcha
 15703 | D:8      | Slain by Erolcha

Illustrated notes

Levels and vault maps discovered:
D:1:      matt_arrival_grand_opening, layout_basic, dk_noncrumbling_2
D:2:      layout_rooms, basic_altar, shapermc_ecumenical_altar_mp_ritualfount
D:3:      layout_basic, minmay_quadrilaterals
D:4:      layout_basic, minmay_temple_entry_from_below_a, minmay_pentangle,
          uniq_crazy_yiuf_cottage, uniq_eustachio, uniq_blork_the_orc,
          uniq_menkaure
D:5:      layout_layer_cave, serial_shops, nicolae_shop_trees,
          uniq_prince_ribbit1
D:6:      layout_loops_corners, mainiacjoe_overflow_large_starburst
D:7:      layout_basic, amethyst_overflow_temple_binary
D:8:      layout_basic, lemuel_round_altar, uniq_psyche, uniq_joseph
D:9:      layout_rooms, gammafunk_temple_overflow_wave,
          hangedman_abyss_or_decor_stagger, patterned_corridor, uniq_erolcha
Temple:   regret_index_temple_generic_petals

Skill      XL: |  1  2  3  4  5  6  7  8  9 10 |
---------------+-------------------------------+-----
Axes           | 4 5 6 8 10 13 | 13.6
Fighting       | 4 5 6 8 10 | 10.0
Armour         | 3 4 5 |  5.0
Throwing       | 1 2 4 5 7 |  7.0
Shields        | 1 2 3 |  3.0
Dodging        | |  2.7

Action                   |  1- 3 |  4- 6 |  7- 9 | 10-12 || total
-------------------------+-------+-------+-------+-------++-------
Melee: Hand axe          |    95 |    78 |   233 |   116 ||   522
       Headbutt          |    15 |    11 |    55 |    34 ||   115
 Fire: Hunting sling     |       |       |    45 |       ||    45
Throw: Dart              |     5 |    10 |    42 |    11 ||    68
Invok: Trog's Hand       |       |       |     1 |     1 ||     2
       Berserk           |       |       |       |     3 ||     3
Evoke: Wand              |       |       |     4 |       ||     4
  Use: Scroll            |     6 |     2 |     6 |     5 ||    19
       Potion            |       |     1 |       |       ||     1
Armor: Animal skin       |     1 |       |       |       ||     1
       Leather armour    |    27 |    19 |    20 |     7 ||    73
Dodge: Dodged            |    44 |    42 |   107 |    53 ||   246
Block: Buckler           |       |     9 |    28 |    25 ||    62
